 Dungeon Crawl Stone Soup version 0.31.0 (webtiles) character file.

Game seed: 1338240952652277847

145 tilp the Thaumaturge (level 5, -6/55 HPs)
             Began as a Gnoll Wanderer on Jan 19, 2024.
             Mangled by Crazy Yiuf
             ... wielding a +4 quarterstaff of chaos
              (11 damage)
             ... on level 2 of the Dungeon.
             The game lasted 00:06:09 (1698 turns).

tilp the Thaumaturge (Gnoll Wanderer)               Turns: 1698, Time: 00:06:10

Health: -6/55      AC: 22    Str: 11    XL:     5   Next: 27%
Magic:  18/18      EV:  2    Int: 14    God:
Gold:   92         SH:  5    Dex: 11    Spells: 15/26 levels left

rFire   . . .        a - +2 dagger (venom)
rCold   . . .        d - +0 buckler
rNeg    . . .        w - melded +0 ring mail of Tulips {rF+ Str+3}
rPois   +            (helmet currently unavailable)
rElec   .            (cloak currently unavailable)
rCorr   .            (gloves currently unavailable)
SInv    .            r - melded +0 pair of boots
Will    .....        (no amulet)
Stlth   ++           (no ring)
HPRegen 0.29/turn    (no ring)
MPRegen 0.16/turn

%: no passive effects
@: lethally poisoned (-6 -> -14), tree-form, invisible
A: stationary, stasis, torment immunity, boosted hp, (fangs 1), strong nose,
distributed training
a: no special abilities


You were on level 2 of the Dungeon.
You were a tree.
You visited 1 branch of the dungeon, and saw 2 of its levels.

You collected 92 gold pieces.

Inventory:

Hand Weapons
 a - a +2 dagger of venom (weapon)
 f - a +0 dagger
 j - a +0 whip
 n - a +1 dagger of freezing
 p - a +1 dagger of draining
 q - a +0 scimitar
Missiles
 g - 24 stones
Armour
 c - a +0 robe
 d - a +0 buckler (worn)
 h - a +0 chain mail
 r - a +0 pair of boots (melded)
 w - the +0 ring mail of Tulips (melded) {rF+ Str+3}
   (You found it on level 2 of the Dungeon)

   Str+3:     It affects your strength (+3).
   rF+:       It protects you from fire.
Magical Staves
 l - a staff of death
Scrolls
 b - a scroll of fog
 o - a scroll of amnesia {unknown}
 v - a scroll of enchant weapon {unknown}
Potions
 i - a potion of cancellation
 k - a potion of lignification
 m - a potion of magic {unknown}
 s - a potion of haste {unknown}
 t - a potion of ambrosia {unknown}
 u - a potion of degeneration {unknown}


   Skills:
 + Level 1.5 Fighting
 + Level 1.5 Short Blades
 + Level 1.5 Long Blades
 + Level 1.5 Axes
 + Level 1.5 Maces & Flails
 + Level 1.5 Polearms
 + Level 1.5 Staves
 + Level 1.5 Ranged Weapons
 + Level 1.5 Throwing
 + Level 1.5 Armour
 + Level 3.0 Dodging
 + Level 1.5 Stealth
 + Level 4.8 Shields
 + Level 1.5 Unarmed Combat
 + Level 11.4 Spellcasting
 + Level 1.2 Conjurations
 + Level 1.2 Hexes
 + Level 2.4 Summonings
 + Level 1.2 Necromancy
 + Level 1.2 Translocations
 + Level 1.2 Fire Magic
 + Level 1.2 Ice Magic
 + Level 1.2 Air Magic
 + Level 1.2 Earth Magic
 + Level 1.2 Alchemy
 + Level 1.7 Invocations
 + Level 1.5 Evocations
 + Level 1.3 Shapeshifting


You had 15 spell levels left.
You knew the following spells:

 Your Spells              Type           Power      Damage    Failure   Level
a - Summon Small Mammal   Summ           56%        N/A       4%          1
b - Searing Ray           Conj           22%        2d5       12%         2
c - Mercury Vapours       Alch/Air       22%        N/A       12%         2
d - Summon Ice Beast      Ice/Summ       13%        N/A       17%         3
e - Stone Arrow           Conj/Erth      22%        3d8       22%         3

Your spell library contained the following spells:

 Spells                   Type           Power      Damage    Failure   Level
 Apportation              Tloc           22%        N/A       8%          1
 Sting                    Conj/Alch      44%        1d5       8%          1
 Teleport Other           Tloc           11%        N/A       22%         3
 Olgreb's Toxic Radiance  Alch           11%        N/A       58%         4


Dungeon Overview and Level Annotations

Branches:
Dungeon (2/15)

Altars:

Annotations:
D:2 Crazy Yiuf


Innate Abilities, Weirdness & Mutations

You are a tree.
Your roots penetrate the ground, keeping you stationary.
You cannot be teleported.
You are immune to unholy pain and torment.
Your maximum health is greatly increased.
Your equipment is partially melded.
((You have very sharp teeth.))
Your uncanny sense of smell can sniff out nearby items.
Your experience applies equally to all skills.


Message History

Found a hammer.
Found two hammers.
Found a runed translucent door.
Crazy Yiuf shouts!
Found two hammers.
Crazy Yiuf says, "Nubble disdain seventy!"
You see here a +0 hammer.
You open the door. You completely miss Crazy Yiuf.
Crazy Yiuf hits you with a +4 quarterstaff of chaos!!
You are poisoned.
You hit Crazy Yiuf but do no damage.
You feel sick.
Crazy Yiuf hits you with a +4 quarterstaff of chaos.
* * * LOW HITPOINT WARNING * * *
You are lethally poisoned!
Unknown command.
You turn into a tree.
Your +0 pair of boots melds into your body.
The +0 ring mail of Tulips {rF+ Str+3} melds into your body.
Your roots penetrate the ground.
* * * LOW HITPOINT WARNING * * *
You feel very sick.
Crazy Yiuf says, "Fire!"
Crazy Yiuf hits you with a +4 quarterstaff of chaos.
* * * LOW HITPOINT WARNING * * *
Crazy Yiuf freezes you.
* * * LOW HITPOINT WARNING * * *
Unknown command.
Unknown command.
Unknown command.
It was a potion of invisibility.
You fade into invisibility!
* * * LOW HITPOINT WARNING * * *
You feel very sick.
Crazy Yiuf hits you with a +4 quarterstaff of chaos.
* * * LOW HITPOINT WARNING * * *
You barely miss Crazy Yiuf.
* * * LOW HITPOINT WARNING * * *
You feel very sick. Crazy Yiuf hits you but does no damage.
You are electrocuted!
You die...

#.# ###.#
######......
#.# ###
#....'......
#.#
######......
##.# #####
#......
.#.#### #).)#
#### #......
......# #...#
#.)# #......
......# )..
#..# #......
......# #g#
#..# #......
####### ♣♣♣♣
#..# #######
♣.♣♣ #..##
##.. ♣♣.♣
#...### #..#
♣.♣♣
#.....###.##
♣♣.♣♣
#####..>....
♣)..♣♣
#.#####.
♣....♣
#####'#####.
##..##
#...........
#....#
##...........


You could see Crazy Yiuf (unable to see you).

Vanquished Creatures
  Natasha (thrice) (D:2)
  An adder (D:2)
  A dart slug (D:1)
  A ribbon worm (D:2)
  5 ball pythons
  2 endoplasms (D:2)
  3 giant cockroaches (D:1)
  9 goblins
  4 hobgoblins
  3 jackals (D:1)
  5 kobolds
  2 quokkas (D:1)
  4 bats
  6 frilled lizards (D:1)
  2 rats (D:1)
51 creatures vanquished.

Vanquished Creatures (collateral kills)
  A dart slug (D:1)
  A goblin (D:1)
2 creatures vanquished.

Grand Total: 53 creatures vanquished

Notes
Turn   | Place    | Note
-------+----------+-------------------------------------------
     0 | D:1      | Reached skill level 11 in Spellcasting
     0 | D:1      | tilp the Gnoll Wanderer began the quest for the Orb.
     0 | D:1      | tilp set off with the following items: a +0 dagger, a
                  | scroll of fog, a +0 robe, a +0 buckler; and the following
                  | spells available to memorise: Summon Small Mammal,
                  | Apportation, Searing Ray, Summon Ice Beast, Stone Arrow,
                  | Teleport Other.
     0 | D:1      | Reached XP level 1. HP: 13/13 MP: 12/12
     6 | D:1      | Learned a level 1 spell: Summon Small Mammal
   147 | D:1      | Reached XP level 2. HP: 6/19 MP: 12/14
   150 | D:1      | Learned a level 2 spell: Searing Ray
   445 | D:1      | Reached XP level 3. HP: 25/25 MP: 15/15
   510 | D:1      | Learned a level 2 spell: Mercury Vapours
   514 | D:1      | Learned a level 3 spell: Summon Ice Beast
   518 | D:1      | Learned a level 3 spell: Stone Arrow
   594 | D:1      | Reached skill level 1 in Invocations
   980 | D:2      | Reached skill level 1 in Fighting
   980 | D:2      | Reached skill level 1 in Short Blades
   980 | D:2      | Reached skill level 1 in Long Blades
   980 | D:2      | Reached skill level 1 in Axes
   980 | D:2      | Reached skill level 1 in Maces & Flails
   980 | D:2      | Reached skill level 1 in Polearms
   980 | D:2      | Reached skill level 1 in Staves
   980 | D:2      | Reached skill level 1 in Ranged Weapons
   980 | D:2      | Reached skill level 1 in Throwing
   980 | D:2      | Reached skill level 1 in Armour
   980 | D:2      | Reached skill level 1 in Stealth
   980 | D:2      | Reached skill level 1 in Unarmed Combat
   980 | D:2      | Reached skill level 1 in Evocations
  1109 | D:2      | Noticed Natasha
  1124 | D:2      | Killed Natasha
  1125 | D:2      | Reached skill level 1 in Conjurations
  1125 | D:2      | Reached skill level 1 in Hexes
  1125 | D:2      | Reached skill level 1 in Necromancy
  1125 | D:2      | Reached skill level 1 in Translocations
  1125 | D:2      | Reached skill level 1 in Fire Magic
  1125 | D:2      | Reached skill level 1 in Ice Magic
  1125 | D:2      | Reached skill level 1 in Air Magic
  1125 | D:2      | Reached skill level 1 in Earth Magic
  1125 | D:2      | Reached skill level 1 in Alchemy
  1125 | D:2      | Reached skill level 1 in Shapeshifting
  1125 | D:2      | Reached XP level 4. HP: 22/32 MP: 3/17
  1220 | D:2      | Noticed Natasha
  1226 | D:2      | Killed Natasha
  1289 | D:2      | Reached XP level 5. HP: 36/37 MP: 18/18
  1548 | D:2      | Noticed Natasha
  1556 | D:2      | Killed Natasha
  1598 | D:2      | Identified the +0 ring mail of Tulips {rF+ Str+3}
  1689 | D:2      | Found a runed translucent door.
  1690 | D:2      | Noticed Crazy Yiuf
  1698 | D:2      | Mangled by Crazy Yiuf

Illustrated notes

Levels and vault maps discovered:
D:1:      minmay_arrival_nine_rooms, layout_basic, minmay_lizard_pond
D:2:      layout_basic, uniq_natasha, uniq_crazy_yiuf_cottage

Skill      XL: |  1  2  3  4  5 |
---------------+----------------+-----
Spellcasting   | | 11.4
Summonings     | 2 |  2.4
Invocations    | 1 |  1.7
Fighting       | 1 |  1.5
Short Blades   | 1 |  1.5
Long Blades    | 1 |  1.5
Axes           | 1 |  1.5
Maces & Flails | 1 |  1.5
Polearms       | 1 |  1.5
Staves         | 1 |  1.5
Ranged Weapons | 1 |  1.5
Throwing       | 1 |  1.5
Armour         | 1 |  1.5
Stealth        | 1 |  1.5
Unarmed Combat | 1 |  1.5
Evocations     | 1 |  1.5
Conjurations   | 1 |  1.2
Hexes          | 1 |  1.2
Necromancy     | 1 |  1.2
Translocations | 1 |  1.2
Fire Magic     | 1 |  1.2
Ice Magic      | 1 |  1.2
Air Magic      | 1 |  1.2
Earth Magic    | 1 |  1.2
Alchemy        | 1 |  1.2
Shapeshifting  | 1 |  1.3
Dodging        | 3 |  3.0
Shields        | |  4.8

Action                     |  1- 3 |  4- 6 || total
---------------------------+-------+-------++-------
  Melee: Dagger            |    93 |    40 ||   133
         Bite              |    11 |     3 ||    14
   Cast: Summon Small Mamm |     3 |       ||     3
         Searing Ray       |     9 |       ||     9
         Mercury Vapours   |     2 |       ||     2
    Use: Scroll            |     4 |       ||     4
         Potion            |       |     2 ||     2
   Stab: Distracted        |       |     1 ||     1
 Armour: Robe              |    61 |     8 ||    69
         Skin              |       |     3 ||     3
         Ring mail         |       |     2 ||     2
  Dodge: Dodged            |    51 |    18 ||    69
  Block: Buckler           |    27 |     8 ||    35
